 Dungeon Crawl Stone Soup version 0.23-a0-644-gb60d84b (webtiles) character file.

93 Borgoz the Ruffian (level 4, 0/38 HPs)
             Began as a Ghoul Gladiator on Jan 1, 2019.
             Slain by Sigmund
             ... wielding a +0 scythe
              (5 damage)
             ... on level 3 of the Dungeon.
             The game lasted 00:02:33 (1426 turns).

Borgoz the Ruffian (Ghoul Gladiator)                Turns: 1426, Time: 00:02:33

Health: 0/38       AC:  5    Str: 14 (17) XL:     4   Next: 61%
Magic:  3/3        EV: 12    Int:  4 (6)  God:
Gold:   73         SH:  0    Dex:  9 (11) Spells: 3/3 levels left

rFire    . . .     SeeInvis .     - Unarmed
rCold    + . .     Gourm    .   (no shield)
rNeg     + + +     Faith    .   a - +0 leather armour
rPois    ∞         Spirit   .   r - +1 helmet {Int+3}
rElec    .         Reflect  .   (no cloak)
rCorr    .         Harm     .   (no gloves)
MR       .....                  (no boots)
Stlth    +.........             (no amulet)
HPRegen  0.00/turn              (no ring)
MPRegen  0.08/turn              (no ring)

@: rotting
A: rotting body, claws 1, carnivore, cold resistance 1, negative energy
resistance 3, inhibited regeneration, torment resistance, unbreathing
a: no special abilities


You were on level 3 of the Dungeon.
You were not hungry.

You visited 1 branch of the dungeon, and saw 3 of its levels.

You collected 73 gold pieces.

Inventory:

Missiles
 c - 3 throwing nets (quivered)
Armour
 a - a +0 leather armour (worn)
 q - a cursed +0 plate armour
 r - a +1 helmet of intelligence (worn)
Scrolls
 e - 3 scrolls of identify {unknown}
 i - a scroll of magic mapping {unknown}
 n - a scroll of remove curse {unknown}
 p - a scroll of enchant weapon {unknown}
Potions
 h - a potion of degeneration
 j - a potion of brilliance {unknown}
 k - a potion of curing {unknown}
 l - 2 potions of flight {unknown}
 m - a potion of heal wounds {unknown}
 o - a potion of agility {unknown}
Comestibles
 d - 6 rations


   Skills:
 + Level 3.1 Fighting
 - Level 1.7 Throwing
 + Level 1.6 Armour
 + Level 3.3 Dodging
 + Level 4.0 Unarmed Combat


You had 3 spell levels left.
You didn't know any spells.
Your spell library was empty.

Dungeon Overview and Level Annotations

Branches:
Dungeon (3/15)

Altars:
Sif Muna

Annotations:
D:3 Sigmund


Innate Abilities, Weirdness & Mutations

Your body is rotting away.
You thrive on raw meat.
You are immune to poison.
You have sharp fingernails.
You are carnivorous and can eat meat at any time.
Your flesh is cold resistant. (rC+)
You are immune to negative energy. (rN+++)
You do not regenerate when monsters are visible.
You are immune to unholy pain and torment.
You can survive without breathing.


Message History

It was a potion of degeneration.
There was something very wrong with that liquid.
You feel weakened.
You feel dopey.
You feel clumsy.
The frilled lizard hisses angrily.
The adder closely misses you. The adder bites you but does no damage.
The adder barely misses you. Something hits you!
You miss the adder. The adder closely misses you. The adder barely misses you.
The adder bites you.
You completely miss the adder. The adder bites you. Something hits you.
* * * LOW HITPOINT WARNING * * *
The adder bites you.
* * * LOW HITPOINT WARNING * * *
You feel less invigorated.
You feel less confused.
The goblin shouts!
You hear a shout!
The adder bites you but does no damage. The adder barely misses you.
The adder bites you.
* * * LOW HITPOINT WARNING * * *
Something hits you.
You die...

.. .# .. .##.# .#
##.##.# .# ####..##.# #
.# #...<....#
..###.####.##.###.#
...g.ggg.gg.#.# #.#
#<..###..#.###.#######
#.g.ggg...g...S@<.......
#.##g.###....l.S.......#
#. ..# #..#...####....#
# #.# # #..... ...# .#
##g###. ..# .. ... .. .#
.## ###. ## # #


You could see 2 adders, 2 hobgoblins and a frilled lizard.

Vanquished Creatures
  Robin (D:2)
  5 adders (D:2)
  A dart slug (D:1)
  4 bats
  6 goblins
  2 hobgoblins (D:1)
  6 jackals
  A quokka (D:2)
  6 kobolds
  4 rats (D:2)
36 creatures vanquished.

Notes
Turn   | Place    | Note
-------+----------+-------------------------------------------
     0 | D:1      | Borgoz the Ghoul Gladiator began the quest for the Orb.
     0 | D:1      | Reached XP level 1. HP: 17/17 MP: 0/0
   212 | D:1      | Reached XP level 2. HP: 25/25 MP: 1/1
   662 | D:2      | Reached skill level 1 in Armour
   662 | D:2      | Reached XP level 3. HP: 29/30 MP: 2/2
   856 | D:2      | Reached XP level 4. HP: 27/38 MP: 3/3
  1184 | D:2      | Found a deep blue altar of Sif Muna.
  1275 | D:2      | Reached skill level 4 in Unarmed Combat
  1337 | D:3      | Noticed Sigmund
  1337 | D:3      | Noticed Robin
  1342 | D:2      | Killed Robin
  1426 | D:3      | Slain by Sigmund

Vault maps used:
D:1:      psy_arrival_fountain
D:2:      lemuel_round_altar, first_ration
D:3:      nemelex_xobeh_ov_fountains_minmay, skrybe_limestone_x,
          nicolae_gozag_cash_rules_everything_around_me, uniq_sigmund,
          uniq_robin

Skill      XL: |  1  2  3  4 |
---------------+-------------+-----
Armour         | 1 |  1.6
Dodging        | 3 |  3.3
Fighting       | 3 |  3.1
Unarmed Combat | 4 |  4.0
Throwing       | |  1.7

Action                   |  1- 3 |  4- 6 || total
-------------------------+-------+-------++-------
Melee: Unarmed           |   107 |    38 ||   145
       Punch             |       |     1 ||     1
  Use: Potion            |       |     2 ||     2
  Eat: Chunk             |     8 |     9 ||    17
Armor: Leather armour    |    40 |    25 ||    65
Dodge: Dodged            |    81 |    45 ||   126

Table legend:
 A = Non-vault XP
 B = Vault XP
 C = Vault XP percentage of total XP
 D = Non-vault monster count
 E = Vault monster count
 F = Vault count percentage of total count
                 A         B        C        D         E       F
            +---------+---------+-------+---------+---------+-------
      Total |     114 |      19 |  14.3 |      33 |       3 |   8.3
            +---------+---------+-------+---------+---------+-------
        D:1 |      26 |       0 |   0.0 |      14 |       0 |   0.0
        D:2 |      88 |      19 |  17.8 |      19 |       3 |  13.6
            +---------+---------+-------+---------+---------+-------
